 Dungeon Crawl Stone Soup version 0.29-a0-474-gdfe5cd140f (webtiles) character file.

Game seed: 12921301497821950852

5 siradein the Grave Robber (level 1, 0/13 HPs)
             Began as a Demonspawn Necromancer on May 24, 2022.
             Slain by a kobold
             ... wielding a +0 whip
              (1 damage)
             ... on level 1 of the Dungeon.
             The game lasted 00:00:46 (103 turns).

siradein the Grave Robber (Demonspawn Necromancer)   Turns: 103, Time: 00:00:47

Health: 0/13       AC:  2    Str:  8    XL:     1   Next: 66%
Magic:  0/3        EV: 12    Int: 16    God:
Gold:   0          SH:  0    Dex: 13    Spells: 3/4 levels left

rFire   . . .      SeeInvis .   d - +0 club
rCold   . . .      Faith    .   (no shield)
rNeg    . . .      Spirit   .   a - +0 robe
rPois   .          Reflect  .   (no helmet)
rElec   .          Harm     .   (no cloak)
rCorr   .          Rampage  .   (no gloves)
Will    .....                   (no boots)
Stlth   ++........              (no amulet)
HPRegen 0.04/turn               (no ring)
MPRegen 0.08/turn               (no ring)

@: no status effects
A: no striking features
a: no special abilities


You were on level 1 of the Dungeon.
You visited 1 branch of the dungeon, and saw 1 of its levels.

Inventory:

Hand Weapons
 d - a +0 club (weapon)
Armour
 a - a +0 robe (worn)
Scrolls
 c - a scroll of noise {unknown}
Potions
 b - a potion of magic


   Skills:
 - Level 1.7 Dodging
 - Level 1.7 Stealth
 + Level 2.2 Spellcasting
 + Level 4.5 Necromancy


You had 3 spell levels left.
You knew the following spells:

 Your Spells              Type           Power      Damage    Failure   Level
a - Necrotize             Necr           64%        1d7       3%          1

Your spell library contained the following spells:

 Spells                   Type           Power      Damage    Failure   Level
 Vampiric Draining        Necr           16%        2d7       10%         3
 Animate Dead             Necr           16%        N/A       30%         4
 Agony                    Necr           16%        N/A       65%         5
 Cause Fear               Hex            0%         N/A       90%         4
 Dragon Form              Tmut           0%         N/A       100%        7
 Dragon's Call            Summ           0%         N/A       100%        9


Dungeon Overview and Level Annotations

Branches:
Dungeon (1/15)

Altars:


Message History

The endoplasm freezes you.
You are frozen.
Your goblin skeleton hits the endoplasm.
You barely miss the endoplasm.
The endoplasm is moderately wounded.
The endoplasm closely misses you.
The kobold hits your goblin skeleton with a +0 whip.
You hit the endoplasm but do no damage.
The endoplasm is moderately wounded.
Your goblin skeleton barely misses the kobold.
The kobold hits your goblin skeleton with a +0 whip.
Your goblin skeleton is destroyed!
The endoplasm barely misses you. The endoplasm freezes you.
You are frozen.
The kobold attacks as you move away! The kobold misses you.
The endoplasm barely misses you.
You see here a +0 club.
d - a +0 club (weapon)
Casting: Necrotize (safe; 3% risk of failure)
Confirm with . or Enter, or press ? or * to list all spells.
Aiming: Necrotize (safe; 3% risk of failure)
Press: ? - help, Shift-Dir - straight line, f/p - endoplasm
Aim: an endoplasm (moderately wounded, chance to affect: 86%)
The endoplasm writhes in agony.
The kobold misses you. The endoplasm freezes you.
You are frozen.
Unknown command.
Unknown command.
You hit the endoplasm.
You kill the endoplasm!
The kobold hits you with a +0 whip.
* * * LOW HITPOINT WARNING * * *
You closely miss the kobold. The kobold barely misses you.
The kobold misses you.
Unknown command.
Unknown command.
You hit the kobold but do no damage. The kobold misses you.
You hit the kobold but do no damage. The kobold hits you with a +0 whip.
You die...

..... #... ....# ...
.. .... ..
.......##.#+# ....
.....#.#
....##......#
...........#
###...@...#
#.....K...#
#.........###
#.............
...####....##.......
#..........# #......
######.###########.
#...........####
..#####+#####...###


You could see a kobold.

Vanquished Creatures
  An endoplasm (D:1)
  A goblin (D:1)
  2 hobgoblins (D:1)
4 creatures vanquished.

Notes
Turn   | Place    | Note
-------+----------+-------------------------------------------
     0 | D:1      | siradein the Demonspawn Necromancer began the quest for the
                  | Orb.
     0 | D:1      | Reached XP level 1. HP: 13/13 MP: 3/3
   103 | D:1      | Slain by a kobold

Illustrated notes

Levels and vault maps discovered:
D:1:      dpeg_arrival_morbid_curiosity, layout_basic, serial_shops, shop,
          shapermc_ecumenical_altar_flowoftime, minmay_misc_feat_roman,
          minmay_tetromino_o2

Action                   || total
-------------------------++-------
Melee: Club              ||     4
       Unarmed           ||     4
 Cast: Necrotize         ||     7
Armor: Robe              ||     1
Dodge: Dodged            ||     8

Table legend: (Time is in decaauts)
 A = Elapsed time spent in this place.
 B = Non-inter-level travel time spent in this place.
 C = Inter-level travel time spent in this place.
 D = Time resting spent in this place.
 E = Time spent auto-exploring this place.
 F = Levels seen in this place.
 G = Mean time per level.
                   A        B        C        D        E       F      G
               +--------+--------+--------+--------+--------+-----+--------+
         Total |    103 |    103 |      0 |      0 |     74 |   1 |  103.0 |
       Dungeon |    103 |    103 |      0 |      0 |     74 |   1 |  103.0 |
               +--------+--------+--------+--------+--------+-----+--------+

Top non-repeatable levels by time:
     D:1: 103 daAuts
